 Dungeon Crawl Stone Soup version 0.29.0-11-gd7f09526c8 (webtiles) character file.

Game seed: 8829549576463681814

114 SensoryNuts the Covered (level 4, -1/35 HPs)
             Began as a Demonspawn Fighter on Sept 3, 2022.
             Slain by a scorpion (3 damage)
             ... on level 4 of the Dungeon.
             The game lasted 00:02:05 (3016 turns).

SensoryNuts the Covered (Demonspawn Fighter)        Turns: 3016, Time: 00:02:06

Health: -1/35      AC:  6    Str: 15 (16) XL:     4   Next: 67%
Magic:  4/4        EV:  9    Int:  7 (10) God:
Gold:   120        SH:  5    Dex: 17 (18) Spells: 3/3 levels left

rFire   . . .      SeeInvis .   a - +0 long sword
rCold   . . .      Faith    .   c - +0 buckler
rNeg    . . .      Spirit   .   b - +0 scale mail
rPois   .          Reflect  .   (no helmet)
rElec   .          Harm     .   (no cloak)
rCorr   .          Rampage  .   (no gloves)
Will    .....                   (no boots)
Stlth   ++........              (no amulet)
HPRegen 0.11/turn               (no ring)
MPRegen 0.09/turn               (no ring)

@: lethally poisoned (-1 -> -8)
A: thin skeletal structure 2, foul stench 1
a: no special abilities


You were on level 4 of the Dungeon.
You visited 1 branch of the dungeon, and saw 4 of its levels.

You collected 120 gold pieces.

Inventory:

Hand Weapons
 a - a +0 long sword (weapon)
Armour
 b - a +0 scale mail (worn)
 c - a +0 buckler (worn)
Jewellery
 m - an amulet of regeneration
Scrolls
 h - a scroll of vulnerability
 i - 2 scrolls of blinking
 l - a scroll of identify
Potions
 e - a potion of cancellation
 g - a potion of curing {unknown}
 k - a potion of lignification
 n - a potion of heal wounds {unknown}


   Skills:
 + Level 3.3 Fighting
 * Level 3.2 Long Blades
 + Level 3.4 Armour
 + Level 0.6 Dodging
 + Level 0.1 Stealth
 + Level 3.0 Shields


You had 3 spell levels left.
You didn't know any spells.
Your spell library was empty.

Dungeon Overview and Level Annotations

Branches:
Dungeon (4/15)
 Temple: D:4-7

Altars:

Shops:
D:1 [


Innate Abilities, Weirdness & Mutations

You have a moderately thin skeletal structure. (Dex +4, Stealth++)
You may rarely emit foul miasma when damaged in melee.


Message History

You closely miss the scorpion. You block the ufetubus's attack.
The ufetubus closely misses you. The ufetubus barely misses you.
The ufetubus hits you.
The scorpion stings you but does no damage.
You hit the scorpion.
The scorpion is moderately wounded.
You block the ufetubus's attack. The ufetubus hits you.
The scorpion stings you but does no damage.
The ufetubus closely misses you.
The ufetubus hits you but does no damage.
The scorpion stings you.
Okay, then.
The ufetubus hits you.
The ufetubus hits you but does no damage.
The ufetubus barely misses you.
The ufetubus hits you but does no damage.
You hit the ufetubus.
The ufetubus is severely wounded.
The ufetubus hits you but does no damage. x2
The ufetubus hits you.
The ufetubus hits you but does no damage.
You slash the ufetubus!
You kill the ufetubus!
You barely miss the scorpion.
The scorpion is moderately wounded.
The scorpion stings you.
You are lethally poisoned!
The scorpion poisons you! The scorpion stings you.
* * * LOW HITPOINT WARNING * * *
You hit the scorpion but do no damage.
The scorpion is moderately wounded.
* * * LOW HITPOINT WARNING * * *
You feel very sick. The scorpion completely misses you.
You hit the scorpion but do no damage.
The scorpion is moderately wounded.
* * * LOW HITPOINT WARNING * * *
You feel very sick. The scorpion misses you. The scorpion stings you.
You die...

#######.# #.##.#.# #.#.#
........# #[##.#.# #.#.#
#.......# #.##.#.###.#.#
#.......#.#.##.#.....#.#
#.......#.#.##.#######.#
#.......#...#..........#
#.......###..).#########
+......s##..#)##
#......#@..##.#
#.....s#+####.#
#...........##.#
#...........##.#
#..............#
#.....#.##..##..
#......#: ##..#. #...)..
# ##. #......


You could see a scorpion.

Vanquished Creatures
  An orc wizard (D:3)
  2 adders
  An ufetubus (D:4)
  2 worms (D:2)
  A dart slug (D:2)
  4 orcs (D:3)
  5 ball pythons
  5 bats
  4 endoplasms
  3 giant cockroaches
  6 hobgoblins
  9 kobolds
  A quokka (D:1)
  2 frilled lizards
  7 goblins
  2 rats (D:1)
55 creatures vanquished.

Notes
Turn   | Place    | Note
-------+----------+-------------------------------------------
     0 | D:1      | SensoryNuts the Demonspawn Fighter began the quest for the
                  | Orb.
     0 | D:1      | Reached XP level 1. HP: 18/18 MP: 1/1
    65 | D:1      | Found Aboec's Antique Armour Shoppe.
   293 | D:1      | Gained mutation: You have a somewhat thin skeletal
                  | structure. (Dex +2, Stealth+) [demonic ancestry]
   293 | D:1      | Reached XP level 2. HP: 24/24 MP: 2/2
   596 | D:1      | Found a faded altar of an unknown god.
   969 | D:2      | Identified the +3 scale mail of Ypsunkaig {*Corrode rN+++
                  | Int+4}
   989 | D:2      | Gained mutation: You have a moderately thin skeletal
                  | structure. (Dex +4, Stealth++) [demonic ancestry]
   989 | D:2      | Reached XP level 3. HP: 17/29 MP: 3/3
  2171 | D:3      | Gained mutation: You may rarely emit foul miasma when
                  | damaged in melee. [demonic ancestry]
  2171 | D:3      | Reached XP level 4. HP: 4/35 MP: 4/4
  3002 | D:4      | Noticed a scorpion
  3016 | D:4      | Slain by a scorpion

Illustrated notes

Levels and vault maps discovered:
D:1:      lordsloth_arrival_two_stooges, layout_basic, serial_shops, shop,
          hellmonk_ecumenical_altar_run_dry, minmay_misc_feat_encased
D:2:      layout_basic, grunt_ministairs_2, minmay_stone_trees_small
D:3:      layout_basic, grunt_decor_cap
D:4:      layout_basic, old_standard_altar, minmay_manual_mess

Skill      XL: |  1  2  3  4 |
---------------+-------------+-----
Long Blades    | 2 3 |  3.2
Armour         | 3 |  3.4
Shields        | 3 |  3.0
Fighting       | |  3.3
Dodging        | |  0.6
Stealth        | |  0.1

Action                   |  1- 3 |  4- 6 || total
-------------------------+-------+-------++-------
Melee: Long sword        |   118 |    30 ||   148
  Use: Scroll            |     4 |     3 ||     7
       Potion            |     1 |     4 ||     5
 Stab: Sleeping          |     3 |     1 ||     4
Armor: Scale mail        |    59 |    13 ||    72
       Skin              |       |    24 ||    24
Dodge: Dodged            |    59 |    20 ||    79
Block: Buckler           |    33 |    13 ||    46
